AoeStats
← Checkmate++

Black Forest

506376031Analyzed
1v1 RM · 17d ago on Sep 13, 2026· 33m 5s· 2 players
Game mode
Random Map
Map size
Tiny (2 player)
Population
200
Speed
Normal
Resources
Standard
Victory
Conquest
Starting age
Dark Age
Ending age
Imperial Age
RankedLock teamsTeams togetherTeam positionsShared explorationLock speedFull tech treeHidden civsTurbo modeCheats
Victory
Defeat
🇪🇸 Turks · Spain
1349
+17
🇿🇦 Britons · South Africa
1362
-17
Grozdanov
1:25 Loom
15:06 Feudal Age
19:39 Castle Age
17:29 Double-Bit Axe
19:50 Gold Mining
19:41 Horse Collar
23:02 Wheelbarrow
26:45 Imperial Age
24:44 Sanctity
25:09 Bow Saw
26:26 Heavy Plow
26:21 Town Watch
27:19 Gold Shaft Mining
30:58 Padded Archer Armor
31:04 Scale Barding Armor
Checkmate++
2:03 Loom
12:43 Feudal Age
13:36 Double-Bit Axe
16:02 Horse Collar
17:02 Town Watch
17:43 Fletching
22:14 Castle Age
22:09 Stone Mining
22:11 Gold Mining
28:16 Imperial Age
26:39 Bow Saw
26:51 Bodkin Arrow
26:56 Padded Archer Armor
26:42 Fishing Lines
27:09 Scale Mail Armor
26:33 Pikeman
26:59 Gambesons
27:17 Squires
28:12 Gillnets
29:27 Bracer
32:28 Ballistics
Connection lost

Rejoining the realm…

Still unreachable

The connection could not be restored.

Session expired

The server has moved on; the page needs a fresh start.